 Dungeon Crawl Stone Soup version 0.30-a0-1016-gfb0d676c02 (webtiles) character file.

Game seed: 15313848414502032975

42 Malachi the Shooter (level 3, 0/48 HPs)
             Began as a Naga Hunter on Apr 7, 2023.
             Was a Follower of Fedhas.
             Slain by an adder (1 damage)
             ... on level 1 of the Dungeon.
             The game lasted 00:01:48 (789 turns).

Malachi the Shooter (Naga Hunter)                    Turns: 789, Time: 00:01:50

Health: 0/48       AC: 21    Str: 13    XL:     3   Next: 54%
Magic:  3/3        EV:  1    Int:  9    God:    Fedhas [*.....]
Gold:   74         SH:  0    Dex: 16    Spells: 2/2 levels left

rFire   . . .      SeeInvis +    a - +0 shortbow (freeze)
rCold   . . .      Faith    .    (shield currently unavailable)
rNeg    . . .      Spirit   .    c - melded +0 leather armour
rPois   +          Reflect  .    (helmet currently unavailable)
rElec   .          Rampage  .    (cloak currently unavailable)
rCorr   .          NoTele   +    f - melded +0 pair of gloves
Will    .....                    (no barding)
Stlth   ++                       (no amulet)
HPRegen 0.28/turn                (no ring)
MPRegen 0.08/turn                (no ring)

@: tree-form
A: stationary, stasis, torment immunity, boosted hp, AC +1, large, see
invisible, (deformed body), (poison resistance), (slowness 2), spit poison 1,
(naga tail 1)
a: Spit Poison, Renounce Religion


You were on level 1 of the Dungeon.
You worshipped Fedhas.
Fedhas was aware of your devotion.
You were a tree.
You visited 1 branch of the dungeon, and saw 2 of its levels.

You collected 74 gold pieces.

Inventory:

Hand Weapons
 a - a +0 shortbow of freezing (weapon)
Armour
 c - a +0 leather armour (melded)
 f - a +0 pair of gloves (melded)
 k - an orb of energy
Scrolls
 b - a scroll of immolation
 d - a scroll of identify
 g - 2 scrolls of poison
 j - a scroll of fog
Potions
 i - a potion of curing {unknown}


   Skills:
 - Level 2.1 Fighting
 + Level 4.5 Ranged Weapons
 - Level 1.7 Dodging
 - Level 1.9 Stealth


You had 2 spell levels left.
You didn't know any spells.
Your spell library was empty.

Dungeon Overview and Level Annotations

Branches:
Dungeon (2/15)

Altars:
Fedhas

Annotations:
D:1 Terence


Innate Abilities, Weirdness & Mutations

You are a tree.
Your roots penetrate the ground, keeping you stationary.
You cannot be teleported.
You are immune to unholy pain and torment.
Your maximum health is greatly increased.
Your equipment is partially melded.
((Your serpentine skin is tough. (AC +1)))
You have supernaturally acute eyesight. (SInv)
((Armour fits poorly on your strangely shaped body.))
((Your system is resistant to poisons. (rPois)))
((You cover ground very slowly.))
You can spit poison.
((You have a snake-like lower body.))


Message History

As you read the scroll of identify, it crumbles to dust.
h - a scroll of brand weapon
As you read the scroll of identify, it crumbles to dust.
j - a scroll of fog
As you read the scroll of brand weapon, it crumbles to dust.
Your +0 shortbow is covered with a thin layer of ice!
a - a +0 shortbow of freezing (weapon)
Partly explored, can't reach some places.
Partly explored, can't reach some places.
You climb downwards.
The ball python hisses angrily.
Terence shouts!
The adder hisses angrily. x2
Found a runed kite shield, a scale mail and 2 stones.
Found two stone staircases leading down.
There is a stone staircase leading up here.
Unknown command.
You shoot an arrow.
The arrow barely misses the ball python.
The ball python bites you.
Terence drinks a potion.
Terence goes berserk!
You shoot an arrow. The arrow hits the ball python.
The arrow freezes the ball python.
You kill the ball python!
Fedhas appreciates your contribution to the ecosystem.
Terence hits you with a +0 flail! Terence hits you with a +0 flail!
The adder bites you but does no damage.
You climb upwards.
There is a stone staircase leading down here.
Unknown command.
The adder barely misses you. Terence completely misses you.
The adder bites you. Terence hits you with a +0 flail.
* * * LOW HITPOINT WARNING * * *
Okay, then.
It was a potion of lignification.
You turn into a tree.
Your +0 pair of gloves melds into your body.
Your +0 leather armour melds into your body.
Your roots penetrate the ground.
Terence hits you with a +0 flail!
* * * LOW HITPOINT WARNING * * *
The adder bites you.
You die...
Fedhas appreciates your contribution to the ecosystem.

............##.##....#.....# #...
..##........##.##....#########...
...............##....# #.....
............#..##....# ##.####
.............#.##....# ##..# #
.............#.##....# ###..## #
.............#.##....###...## #
..####.......#...........### #
..# #.......#..♣##..##.## # ..#
#.......#..S@....#.# # ..#
#.......#.#..>.....# # ###
#######.#.########## #
#.#..........# # #.##########.#
#.##########.# #.........†..#
##############


You could see Terence (berserk) and an adder.

Vanquished Creatures
  9 bats (D:1)
  2 endoplasms (D:1)
  3 goblins (D:1)
  A hobgoblin (D:1)
  7 jackals (D:1)
  2 kobolds (D:1)
  10 ball pythons
  A frilled lizard (D:1)
  2 rats (D:1)
37 creatures vanquished.

Notes
Turn   | Place    | Note
-------+----------+-------------------------------------------
     0 | D:1      | Malachi the Naga Hunter began the quest for the Orb.
     0 | D:1      | Reached XP level 1. HP: 19/19 MP: 1/1
    92 | D:1      | Found a faded altar of an unknown god.
    98 | D:1      | Reached XP level 2. HP: 26/26 MP: 2/2
   134 | D:1      | Reached skill level 4 in Ranged Weapons
   136 | D:1      | Prayed at the altar of an unknown god.
   136 | D:1      | Became a worshipper of Fedhas Madash
   136 | D:1      | Reached * piety under Fedhas
   323 | D:1      | Reached XP level 3. HP: 32/32 MP: 3/3
   782 | D:2      | Noticed Terence
   789 | D:1      | HP: 1/48 [Terence/+0 flail (9)]
   789 | D:1      | Slain by an adder

Illustrated notes

Levels and vault maps discovered:
D:1:      eino_arrival_cavern_b, layout_basic,
          dreamdust_ecumenical_altar_statues
D:2:      wad_river_or_something, layout_rooms, uniq_terence, uniq_jessica

Skill      XL: |  1  2 |
---------------+-------+-----
Ranged Weapons | 4 |  4.5
Fighting       | |  2.1
Dodging        | |  1.7
Stealth        | |  1.9

Action                     || total
---------------------------++-------
   Fire: Shortbow          ||    84
    Use: Scroll            ||     4
         Potion            ||     1
 Armour: Leather armour    ||    22
  Dodge: Dodged            ||    23

Table legend: (Time is in decaauts)
 A = Elapsed time spent in this place.
 B = Non-inter-level travel time spent in this place.
 C = Inter-level travel time spent in this place.
 D = Time resting spent in this place.
 E = Time spent auto-exploring this place.
 F = Levels seen in this place.
 G = Mean time per level.
                   A        B        C        D        E       F      G
               +--------+--------+--------+--------+--------+-----+--------+
         Total |   1076 |   1026 |     50 |      0 |    808 |   2 |  538.0 |
       Dungeon |   1076 |   1026 |     50 |      0 |    808 |   2 |  538.0 |
               +--------+--------+--------+--------+--------+-----+--------+

Top non-repeatable levels by time:
     D:1: 1072 daAuts
     D:2: 4 daAuts
